 Dungeon Crawl Stone Soup version 0.28.0-47-ge53b351184 (webtiles) character file.

Game seed: 2003765884228735434

2517 101zpm the Thaumaturge (level 9, -3/50 HPs)
             Began as a Djinni Fire Elementalist on May 8, 2022.
             Was a Follower of Hepliaklqana.
             Slain by a death yak (17 damage)
             ... on level 8 of the Dungeon.
             The game lasted 00:15:09 (10652 turns).

101zpm the Thaumaturge (Djinni Fire Elementalist)  Turns: 10652, Time: 00:15:11

Health: -3/50      AC:  8    Str:  7    XL:     9   Next: 83%
Gold:   447        EV: 12    Int: 21    God:    Hepliaklqana [*.....] SH:  3 Dex: 14

rFire   + + .      SeeInvis .   (no weapon)
rCold   x . .      Faith    .   n - +0 buckler
rNeg    . . .      Spirit   .   a - +0 robe
rPois   ∞          Reflect  .   r - +2 helmet
rElec   .          Harm     .   (no cloak)
rCorr   +          Rampage  .   c - +2 pair of gloves
Will    .....                   (boots unavailable)
Stlth   ++........              (no amulet)
HPRegen 0.16/turn               u - ring of resist corrosion
MPRegen 0.00/turn               (no ring)

@: flying
A: reduced essence, sickness immunity, fire resistance 2, cold vulnerability 1,
float, innate caster, HP casting, extra vitality 1
a: Renounce Religion, Recall Ancestor, Ancestor Identity


You were on level 8 of the Dungeon.
You worshipped Hepliaklqana.
Hepliaklqana was aware of your devotion.
You visited 2 branches of the dungeon, and saw 9 of its levels.

You collected 447 gold pieces.

Inventory:

Armour
 a - a +0 robe (worn)
 c - a +2 pair of gloves (worn)
 n - a +0 buckler (worn)
 r - a +2 helmet (worn)
Jewellery
 u - a ring of resist corrosion (left hand)
 x - a +6 ring of dexterity
Wands
 g - a wand of iceblast (7)
 p - a wand of digging (4)
 t - a wand of acid (12)
 C - a wand of charming (7)
Scrolls
 b - a scroll of fog {unknown}
 d - 3 scrolls of teleportation {unknown}
 f - a scroll of magic mapping {unknown}
 h - 4 scrolls of identify {unknown}
 j - a scroll of vulnerability {unknown}
 l - a scroll of torment {unknown}
 m - a scroll of summoning {unknown}
 o - 2 scrolls of amnesia {unknown}
 w - a scroll of enchant armour {unknown}
 y - a scroll of noise {unknown}
 A - a scroll of blinking {unknown}
 D - a scroll of silence {unknown}
Potions
 e - a potion of curing {unknown}
 i - a potion of resistance {unknown}
 k - 2 potions of brilliance {unknown}
 q - a potion of invisibility {unknown}
 s - a potion of cancellation {unknown}
 v - 5 potions of heal wounds {unknown}
 z - a potion of lignification {unknown}
 B - a potion of haste {unknown}


   Skills:
 + Level 0.4 Fighting
 + Level 3.2 Dodging
 + Level 3.2 Stealth
 + Level 0.1 Shields
 + Level 0.2 Unarmed Combat
 + Level 9.6 Spellcasting


You had 4 spell levels left.
You knew the following spells:

 Your Spells              Type           Power      Damage    Failure   Level
a - Foxfire               Conj/Fire      100%       2x1d9     1%          1
b - Scorch                Fire           100%       2d10      1%          2
c - Conjure Flame         Conj/Fire      50%        6-21      1%          3
d - Inner Flame           Hex/Fire       50%        N/A       1%          3
e - Flame Wave            Conj/Fire      50%        2d10      1%          4
f - Magic Dart            Conj           100%       1d8       1%          1
g - Corpse Rot            Necr/Air       100%       N/A       1%          2
h - Confusing Touch       Hex            50%        N/A       1%          3
i - Dispel Undead         Necr           50%        3d19      1%          4
Your spell library was empty.

Dungeon Overview and Level Annotations

Branches:
Dungeon (8/15)             Temple (1/1) D:5
   Lair: D:8-11

Altars:
Ashenzari
Cheibriados
Dithmenos
Elyvilon
Fedhas
Gozag
Hepliaklqana
Kikubaaqudgha
Makhleb
Nemelex Xobeh
Okawaru
Ru
Sif Muna
Trog
Uskayaw
Vehumet
Wu Jian
Xom
Yredelemnul
Zin
The Shining One

Shops:
D:2 (

Annotations:
D:3 2 transporters, Menkaure
D:7 1 runed translucent door


Innate Abilities, Weirdness & Mutations

Your life essence is reduced to manifest your ancestor. (-10% HP)
You are immune to sickness and miasma.
You are immune to poison.
Your flesh is very heat resistant. (rF++)
You are vulnerable to cold. (rC-)
You float through the air rather than walking.
You learn spells naturally, not from books.
Your magical power is your life essence.
You have superior vitality. (+4 MHP)


Message History

The death yak is no longer more vulnerable to fire.
Qinisela hits the death yak.
Flame seeps out of the death yak.
The death yak is engulfed in blazing flames.
Flame seeps out of the death yak.
The death yak misses you.
The death yak snorts and paws the ground.
Qinisela has departed this plane of existence.
Casting: Scorch (safe; 1% risk of failure)
Confirm with . or Enter, or press ? or * to list all spells.
Flames lash the death yak.
Flame seeps out of the death yak.
The death yak is severely wounded.
The death yak's fire resistance burns away.
* * * LOW HITPOINT WARNING * * *
The death yak is engulfed in blazing flames.
Flame seeps out of the death yak.
The death yak is engulfed in blazing flames.
Flame seeps out of the death yak.
The death yak completely misses you.
The death yak is no longer more vulnerable to fire.
The death yak's inner flame fades away.
The death yak snorts and paws the ground.
You see here a +0 trident.
Casting: Foxfire (safe; 1% risk of failure)
Press: ? - help, Q - select action, (/) - cycle Dir - look around, f - activate You conjure some foxfire!
* * * LOW HITPOINT WARNING * * *
You block the death yak's attack.
The foxfire hits the death yak.
The death yak is severely wounded.
The foxfire hits the death yak.
The death yak is severely wounded.
The death yak snorts and paws the ground.
There is a stone staircase leading up here.
Casting: Foxfire (safe; 1% risk of failure)
Confirm with . or Enter, or press ? or * to list all spells.
Flames lash the death yak.
The death yak is lightly wounded.
The death yak's fire resistance burns away.
* * * LOW HITPOINT WARNING * * *
The death yak gores you!
You die...

)..###).).........#..##.#
.........###.####..##.#.#
.....Y....##.# #..###..##
..####.#..##.# #..# #...##
..# #.##....# #.####.##.#
.## #.##..Y.# #.###.#####
..# #..#....# #.##..#
#..###..##...####.#...####
###.....##...Y.Y@....###.##
# #......#..######...####.#
#........## ##..##..##
.........# ##.......#
.........# ##...#..#.#
.........# ##...##..### .
.........####..####..# #
.#####.......## #..#
#...####.## #..#


You could see 2 death yaks.

Vanquished Creatures
  A hornet (D:8)
  2 steam dragons
  An acid dragon (D:8)
  A water moccasin (D:7)
  Duvessa (D:6)
  2 orc warriors
  A black bear (D:6)
  A necrophage (D:6)
  An ogre (D:6)
  A phantom (D:6)
  A kobold brigand (D:8)
  3 scorpions
  2 water moccasin skeletons
  Dowan (D:6)
  4 wights (D:6)
  A howler monkey (D:8)
  A centaur zombie (D:5)
  3 orc priests
  2 bullfrog skeletons
  Natasha (thrice) (D:3)
  6 orc wizards (D:8)
  Robin (D:4)
  A howler monkey skeleton (D:5)
  8 adders
  A shadow imp (D:6)
  A white imp (D:6)
  An adder skeleton (D:4)
  2 worms (D:2)
  3 dart slugs
  3 orcs
  7 ball pythons
  6 endoplasms
  3 giant cockroaches
  13 goblins
  12 hobgoblins
  7 jackals (D:1)
  6 quokkas
  3 bats
  3 frilled lizards
  9 kobolds
  4 rats
133 creatures vanquished.

Vanquished Creatures (others)
  An ancestor (D:8)
  725 foxfires
726 creatures vanquished.

Grand Total: 859 creatures vanquished

Notes
Turn   | Place    | Note
-------+----------+-------------------------------------------
     0 | D:1      | 101zpm the Djinni Fire Elementalist began the quest for the
                  | Orb.
     0 | D:1      | Reached XP level 1. HP: 15/15 MP: 0/0
   235 | D:1      | Reached XP level 2. HP: 20/21 MP: 0/0
   723 | D:1      | Reached skill level 3 in Spellcasting
  1150 | D:1      | Reached XP level 3. HP: 22/25 MP: 0/0
  1150 | D:1      | Learned a level 1 spell: Magic Dart
  2086 | D:2      | Found Vippi's Weapon Shoppe.
  2207 | D:2      | Reached XP level 4. HP: 14/31 MP: 0/0
  3651 | D:3      | Found an opulent altar of Gozag.
  3730 | D:3      | Found a burning altar of Makhleb.
  3730 | D:3      | Noticed a blizzard demon
  3730 | D:3      | Noticed Natasha
  3734 | D:3      | Killed Natasha
  3735 | D:3      | Reached skill level 4 in Spellcasting
  3735 | D:3      | Reached XP level 5. HP: 27/35 MP: 0/0
  3735 | D:3      | Learned a level 2 spell: Corpse Rot
  3817 | D:3      | Found a glowing silver altar of Zin.
  3817 | D:3      | Noticed an angel
  3964 | D:3      | Found a transporter.
  3991 | D:3      | Found a basalt altar of Yredelemnul.
  3993 | D:3      | Noticed Menkaure
  4031 | D:3      | Noticed a necrophage
  4048 | D:3      | Found a transporter.
  4140 | D:3      | Noticed Natasha
  4145 | D:3      | Killed Natasha
  4472 | D:3      | Noticed Natasha
  4476 | D:3      | Killed Natasha
  4607 | D:4      | Reached skill level 5 in Spellcasting
  4607 | D:4      | Reached XP level 6. HP: 10/40 MP: 0/0
  4608 | D:4      | Noticed Robin
  5248 | D:4      | Killed Robin
  5496 | D:4      | Reached XP level 7. HP: 27/45 MP: 0/0
  5496 | D:4      | Learned a level 3 spell: Confusing Touch
  6112 | D:5      | Entered Level 5 of the Dungeon
  6384 | D:5      | Reached skill level 6 in Spellcasting
  6504 | D:5      | Found a shimmering altar of Xom.
  6524 | D:5      | Found a staircase to the Ecumenical Temple.
  6612 | Temple   | Entered the Ecumenical Temple
  6846 | Temple   | Became a worshipper of Hepliaklqana the Forgotten
  6884 | D:6      | Noticed Duvessa
  6884 | D:6      | Noticed Dowan
  7234 | D:5      | Found a blossoming altar of Fedhas.
  7296 | D:5      | Found a sacrificial altar of Ru.
  7736 | D:6      | Killed Dowan
  7737 | D:6      | Reached XP level 8. HP: 36/50 MP: 0/0
  7737 | D:6      | Killed Duvessa
  7965 | D:6      | Reached skill level 7 in Spellcasting
  8176 | D:6      | Found an ornate altar of the Wu Jian Council.
  8496 | D:6      | Reached skill level 8 in Spellcasting
  8542 | D:6      | Reached XP level 9. HP: 9/55 MP: 0/0
  8542 | D:6      | Learned a level 4 spell: Dispel Undead
  9222 | D:6      | Found a glowing golden altar of the Shining One.
  9381 | D:7      | Found a runed translucent door.
  9422 | D:7      | Found a snail-covered altar of Cheibriados.
  9875 | D:8      | Reached * piety under Hepliaklqana
  9914 | D:8      | Found an iron altar of Okawaru.
  9982 | D:8      | Reached skill level 9 in Spellcasting
 10444 | D:8      | Noticed a hornet
 10448 | D:8      | Killed a hornet
 10588 | D:8      | Noticed a death yak
 10590 | D:8      | Noticed a death yak
 10593 | D:8      | Noticed a death yak
 10652 | D:8      | Slain by a death yak

Illustrated notes

Levels and vault maps discovered:
D:1:      roderic_octagonal_star, layout_rooms, st_stairs_4
D:2:      layout_rooms, serial_shops, shop_fountains, st_stairs_5
D:3:      layout_rooms, grunt_temple_overflow_order_and_chaos_2,
          gammafunk_temple_of_torment, grunt_gozag_statues, uniq_natasha
D:4:      layout_rooms, minmay_vboxes, uniq_robin, uniq_menkaure
D:5:      layout_basic, kennysheep_mini, hangedman_ru_absence,
          mainiacjoe_overflow_brackets, minmay_temple_entry_trees
D:6:      layout_loops_ring, general_overflow_altar,
          pdpol_wu_jian_five_deadly_venoms, minmay_misc_feat_cross, uniq_duvessa
D:7:      kennysheep_steamy, layout_rooms, slow_altar_2,
          amcnicky_mini_rare_corridor_liquid, st_stairs_12,
          minmay_misc_feat_doors, lightli_church_of_beogh
D:8:      layout_layer_cave, okawaru_trees_2, dpeg_lair_monsters
Temple:   compressed_dpeg_triangle_lava_temple

Skill      XL: |  1  2  3  4  5  6  7  8  9 |
---------------+----------------------------+-----
Spellcasting   | 3 4 5 6 8 9 |  9.6
Stealth        | 2 3 |  3.2
Dodging        | 3 |  3.2
Fighting       | |  0.4
Shields        | |  0.1
Unarmed Combat | |  0.2

Action                   |  1- 3 |  4- 6 |  7- 9 || total
-------------------------+-------+-------+-------++-------
Melee: Unarmed           |       |       |    28 ||    28
 Cast: Foxfire           |    97 |   158 |   196 ||   451
       Scorch            |    14 |    26 |    20 ||    60
       Magic Dart        |     5 |       |       ||     5
       Inner Flame       |       |     4 |    46 ||    50
       Flame Wave        |       |     2 |       ||     2
       Confusing Touch   |       |       |     3 ||     3
 Stab: Confused          |       |       |     3 ||     3
Armor: Robe              |     3 |    17 |     3 ||    23
Dodge: Dodged            |    11 |    28 |    17 ||    56
Block: Buckler           |       |       |     2 ||     2
